BBA
SAN FERNANDO BEARS @ LONG BEACH SURFERS
08/01/2058
 
TOP OF THE 1ST
San Fernando Bears batting - Pitching for Long Beach Surfers : RHP Barry Short
Pitching: RHP Barry Short
Batting: SHB Sammy McNeill 0-0: Ball
1-0: Ball
2-0: Foul Ball, location: 7LSF
2-1: Swinging Strike
2-2: Fly out, F9 (Flyball, 89M, EV 88.1 MPH)
Batting: RHB Jeffrey Smith 0-0: Called Strike
0-1: Called Strike
0-2: Ball
1-2: Fly out, F3 (Popup, 3F, EV 68.1 MPH)
Batting: LHB Tommy Harrison 0-0: Ball
1-0: Ball
2-0: Called Strike
2-1: Foul Ball, location: 2F
2-2: Ball
3-2: Base on Balls
Batting: RHB Michael Schultz 0-0: Called Strike
0-1: Ball
1-1: Ball
2-1: Foul Ball, location: 7LSF
2-2: Ball
3-2: Base on Balls
Tommy Harrison to second
Batting: LHB Don Moore 0-0: Called Strike
0-1: Foul Ball, location: 23F
0-2: Fly out, F7 (Line Drive, 78M, EV 103.1 MPH)
Top of the 1st over - 0 runs, 0 hits, 0 errors, 2 left on base; San Fernando 0 - Long Beach 0
BOTTOM OF THE 1ST
Long Beach Surfers batting - Pitching for San Fernando Bears : RHP Arnold Cantrell
Pitching: RHP Arnold Cantrell
Batting: SHB Steveland Morris 0-0: Ball
1-0: Foul Ball, location: 2F
1-1: Ball
2-1: Foul Ball, location: 2F
2-2: Fly out, F6 (Popup, 6, EV 70.6 MPH)
Batting: SHB Fernando Castillo 0-0: Foul Ball, location: 23F
0-1: Foul Ball, location: 2F
0-2: Strikes out swinging
Batting: LHB Glenn Fox 0-0: Called Strike
0-1: Ball
1-1: Ball
2-1: Ball
3-1: Base on Balls
Batting: RHB Austin Nolan 0-0: Called Strike
0-1: Called Strike
0-2: Ball
1-2: SINGLE (Groundball, 4MD, EV 105.6 MPH)
Glenn Fox to second
Batting: RHB Rhys Atticus 0-0: Foul Ball, location: 2F
0-1: Foul Ball, location: 9LMF
0-2: Ball
1-2: Strikes out looking
Bottom of the 1st over - 0 runs, 1 hit, 0 errors, 2 left on base; San Fernando 0 - Long Beach 0
TOP OF THE 2ND
San Fernando Bears batting - Pitching for Long Beach Surfers : RHP Barry Short
Batting: RHB Dick Walton 0-0: Ball
1-0: Ball
2-0: Ground out 4-3 (Groundball, 4, EV 102.5 MPH)
Batting: LHB Clinton Tyler 0-0: Called Strike
0-1: Foul Ball, location: 3SF
0-2: Strikes out swinging
Batting: RHB José Pérez 0-0: Called Strike
0-1: SOLO HOME RUN (Flyball, 78XD, EV 113.8 MPH), Distance : 468 ft
Batting: RHB Manny Peña 0-0: Called Strike
0-1: Called Strike
0-2: Ball
1-2: Foul Ball, location: 2F
1-2: Foul Ball, location: 25FF
1-2: Ground out 4-3 (Groundball, 4, EV 82.5 MPH)
Top of the 2nd over - 1 run, 1 hit, 0 errors, 0 left on base; San Fernando 1 - Long Beach 0
BOTTOM OF THE 2ND
Long Beach Surfers batting - Pitching for San Fernando Bears : RHP Arnold Cantrell
Batting: RHB Terry Cole 0-0: Ball
1-0: Ball
2-0: Swinging Strike
2-1: Called Strike
2-2: Ball
3-2: Foul Ball, location: 3SF
3-2: Base on Balls
Batting: RHB Emílio Reyes 0-0: Called Strike
0-1: Swinging Strike
0-2: SINGLE (Line Drive, 7S, EV 90.0 MPH)
Terry Cole to second
Batting: RHB Alejandro Córdova 0-0: Foul Ball, location: 5F
0-1: Ball
1-1: Grounds into double play, 4-6-3 (Groundball, 4, EV 84.4 MPH)
Terry Cole to third
Batting: SHB Bill Morley 0-0: Called Strike
0-1: Foul Ball, location: 2F
0-2: Strikes out swinging
Bottom of the 2nd over - 0 runs, 1 hit, 0 errors, 1 left on base; San Fernando 1 - Long Beach 0
TOP OF THE 3RD
San Fernando Bears batting - Pitching for Long Beach Surfers : RHP Barry Short
Batting: SHB Sammy McNeill 0-0: Called Strike
0-1: Foul Ball, location: 2F
0-2: SINGLE (Line Drive, 7LS, EV 88.8 MPH)
Batting: RHB Jeffrey Smith 0-0: Ball
Sammy McNeill is caught stealing 2nd base 2-4
1-0: Ball
2-0: Called Strike
2-1: Ball
3-1: Swinging Strike
3-2: Foul Ball, location: 7LDF
3-2: SINGLE (Line Drive, 9S, EV 106.3 MPH)
Batting: LHB Tommy Harrison 0-0: Fielders Choice at 2nd, 4-6 (Groundball, 4, EV 81.9 MPH)
Batting: RHB Michael Schultz 0-0: Fly out, F9 (Flyball, 89M, EV 92.5 MPH)
Top of the 3rd over - 0 runs, 2 hits, 0 errors, 1 left on base; San Fernando 1 - Long Beach 0
BOTTOM OF THE 3RD
Long Beach Surfers batting - Pitching for San Fernando Bears : RHP Arnold Cantrell
Batting: SHB Steveland Morris 0-0: Called Strike
0-1: Foul Ball, location: 2F
0-2: Strikes out swinging
Batting: SHB Fernando Castillo 0-0: Foul Ball, location: 7LSF
0-1: Ball
1-1: Foul Ball, location: 2F
1-2: Ball
2-2: Ball
3-2: Base on Balls
Batting: LHB Glenn Fox 0-0: Ball
1-0: Ball
2-0: Called Strike
2-1: Ball
3-1: Called Strike
3-2: Ground out 4-3 (Groundball, 34, EV 101.3 MPH)
Fernando Castillo to second
Batting: RHB Austin Nolan 0-0: SINGLE (Line Drive, 89S, EV 107.5 MPH)
Fernando Castillo to third
Runner from 3rd tries for Home, SAFE, throw by RF to home
Batting: RHB Rhys Atticus 0-0: Called Strike
0-1: Fly out, F4 (Flyball, 4MD, EV 86.9 MPH)
Bottom of the 3rd over - 1 run, 1 hit, 0 errors, 1 left on base; San Fernando 1 - Long Beach 1
TOP OF THE 4TH
San Fernando Bears batting - Pitching for Long Beach Surfers : RHP Barry Short
Batting: LHB Don Moore 0-0: SINGLE (Groundball, 4D, EV 96.3 MPH)
Batting: RHB Dick Walton 0-0: Foul Ball, location: 2F
0-1: Ball
1-1: Fly out, F3 (Popup, 3SF, EV 84.4 MPH)
Batting: LHB Clinton Tyler 0-0: Called Strike
0-1: Swinging Strike
0-2: Ball
1-2: Ball
2-2: Ball
Wild Pitch!
Don Moore to second
3-2: Base on Balls
Batting: RHB José Pérez 0-0: Ball
1-0: Ball
2-0: Ball
3-0: Foul Ball, location: 9LDF
3-1: 3-RUN HOME RUN (Flyball, 78XD, EV 100.6 MPH), Distance : 387 ft
Batting: RHB Manny Peña 0-0: Foul Ball, location: 2RF
0-1: Swinging Strike
0-2: Ball
1-2: Strikes out swinging
Batting: SHB Sammy McNeill 0-0: Called Strike
0-1: Ball
1-1: Ball
2-1: Ball
3-1: Foul Ball, location: 7LSF
3-2: Foul Ball, location: 2F
3-2: SINGLE (Groundball, 4, EV 85.0 MPH)
Batting: RHB Jeffrey Smith 0-0: Foul Ball, location: 3SF
0-1: Ball
1-1: Fly out, F8 (Flyball, 8RM, EV 90.0 MPH)
Top of the 4th over - 3 runs, 3 hits, 0 errors, 1 left on base; San Fernando 4 - Long Beach 1
BOTTOM OF THE 4TH
Long Beach Surfers batting - Pitching for San Fernando Bears : RHP Arnold Cantrell
Batting: RHB Terry Cole 0-0: Ball
1-0: Ball
2-0: Fly out, F8 (Flyball, 8RD, EV 110.0 MPH)
Batting: RHB Emílio Reyes 0-0: Ball
1-0: Foul Ball, location: 2F
1-1: Ball
2-1: Fly out, F8 (Flyball, 8RXD, EV 105.6 MPH)
Batting: RHB Alejandro Córdova 0-0: Called Strike
0-1: Ground out 4-3 (Groundball, 4, EV 79.4 MPH)
Bottom of the 4th over - 0 runs, 0 hits, 0 errors, 0 left on base; San Fernando 4 - Long Beach 1
TOP OF THE 5TH
San Fernando Bears batting - Pitching for Long Beach Surfers : RHP Barry Short
Batting: LHB Tommy Harrison 0-0: Ball
1-0: Ball
2-0: SINGLE (Groundball, 6S, EV 77.5 MPH) (infield hit)
Batting: RHB Michael Schultz 0-0: Ball
1-0: Called Strike
1-1: Ball
2-1: Fly out, F8 (Flyball, 8RM, EV 92.5 MPH)
Batting: LHB Don Moore 0-0: Called Strike
0-1: Called Strike
0-2: Fly out, F7 (Flyball, 7S, EV 81.9 MPH)
Batting: RHB Dick Walton 0-0: Ground out 6-3 (Groundball, 6M, EV 102.5 MPH)
Top of the 5th over - 0 runs, 1 hit, 0 errors, 1 left on base; San Fernando 4 - Long Beach 1
BOTTOM OF THE 5TH
Long Beach Surfers batting - Pitching for San Fernando Bears : RHP Arnold Cantrell
Batting: SHB Bill Morley 0-0: Ball
1-0: Called Strike
1-1: Fly out, F8 (Flyball, 8LD, EV 103.8 MPH)
Batting: SHB Steveland Morris 0-0: Called Strike
0-1: Fly out, F9 (Line Drive, 9LM, EV 101.9 MPH)
Batting: SHB Fernando Castillo 0-0: Called Strike
0-1: Ball
1-1: Ball
2-1: Foul Ball, location: 3F
2-2: Fly out, F9 (Flyball, 89M, EV 90.0 MPH)
Bottom of the 5th over - 0 runs, 0 hits, 0 errors, 0 left on base; San Fernando 4 - Long Beach 1
TOP OF THE 6TH
San Fernando Bears batting - Pitching for Long Beach Surfers : RHP Barry Short
Pitching: RHP Konanae Walakino
Batting: LHB Clinton Tyler 0-0: Called Strike
0-1: Ball
1-1: Swinging Strike
1-2: Strikes out looking
Batting: RHB José Pérez 0-0: Called Strike
0-1: Swinging Strike
0-2: Foul Ball, location: 3FF
0-2: Ball
1-2: Ball
2-2: Foul Ball, location: 23FF
2-2: Fly out, F7 (Flyball, 7LM, EV 93.1 MPH)
Batting: RHB Manny Peña 0-0: Fly out, F4 (Popup, 4M, EV 67.5 MPH)
Top of the 6th over - 0 runs, 0 hits, 0 errors, 0 left on base; San Fernando 4 - Long Beach 1
BOTTOM OF THE 6TH
Long Beach Surfers batting - Pitching for San Fernando Bears : RHP Arnold Cantrell
Batting: LHB Glenn Fox 0-0: Called Strike
0-1: Ball
1-1: Fly out, F9 (Flyball, 9LS, EV 93.8 MPH)
Batting: RHB Austin Nolan 0-0: Foul Ball, location: 9LMF
0-1: Ball
1-1: Called Strike
1-2: Ball
2-2: Fly out, F8 (Flyball, 8RM, EV 98.1 MPH)
Batting: RHB Rhys Atticus 0-0: SINGLE (Line Drive, 8RS, EV 92.5 MPH)
Batting: RHB Terry Cole 0-0: Ball
1-0: Called Strike
1-1: Foul Ball, location: 2F
1-2: Fly out, F8 (Flyball, 8LS, EV 80.0 MPH)
Bottom of the 6th over - 0 runs, 1 hit, 0 errors, 1 left on base; San Fernando 4 - Long Beach 1
TOP OF THE 7TH
San Fernando Bears batting - Pitching for Long Beach Surfers : RHP Konanae Walakino
Batting: SHB Sammy McNeill 0-0: Ball
1-0: Ball
2-0: Ground out U3 (Groundball, 3, EV 90.0 MPH)
Batting: RHB Jeffrey Smith 0-0: Ball
1-0: Foul Ball, location: 9LDF
1-1: Called Strike
1-2: Strikes out looking
Batting: LHB Tommy Harrison 0-0: Ball
1-0: Foul Ball, location: 2F
1-1: Fly out, F7 (Flyball, 78D, EV 101.3 MPH)
Top of the 7th over - 0 runs, 0 hits, 0 errors, 0 left on base; San Fernando 4 - Long Beach 1
BOTTOM OF THE 7TH
Long Beach Surfers batting - Pitching for San Fernando Bears : RHP Arnold Cantrell
Batting: RHB Emílio Reyes 0-0: Called Strike
0-1: Ball
1-1: Swinging Strike
1-2: Strikes out swinging
Batting: RHB Alejandro Córdova 0-0: Foul Ball, location: 5SF
0-1: Ball
1-1: Ball
2-1: Foul Ball, location: 5F
2-2: Ball
3-2: Base on Balls
Batting: SHB Bill Morley 0-0: Ball
1-0: SINGLE (Groundball, 4MD, EV 93.8 MPH)
Alejandro Córdova to second
Runner from 2nd tries for 3rd, SAFE, throw by CF made to third
Batting: SHB Steveland Morris 0-0: Ball
1-0: Ball
2-0: Ball
3-0: Base on Balls
Bill Morley to second
Batting: SHB Fernando Castillo 0-0: Foul Ball, location: 2F
0-1: Ball
1-1: Swinging Strike
1-2: Foul Ball, location: 9LSF
1-2: Ball
2-2: GRAND SLAM HOME RUN (Flyball, 89XD, EV 100.0 MPH), Distance : 385 ft
Pitching: LHP Perry Wallace
Pinch Hitting: SHB Cinema Jones 0-0: Called Strike
0-1: Ball
1-1: Swinging Strike
1-2: Reached on error, E3 (Groundball, 13, EV 81.3 MPH)
Batting: RHB Austin Nolan 0-0: Ball
1-0: Called Strike
1-1: Swinging Strike
1-2: Ball
2-2: Ball
3-2: Base on Balls
Cinema Jones to second
Batting: RHB Rhys Atticus 0-0: Ball
1-0: Called Strike
1-1: Ground out 3-1 (Groundball, 34S, EV 68.1 MPH)
Cinema Jones to third
Austin Nolan to second
Batting: RHB Terry Cole 0-0: Called Strike
0-1: Swinging Strike
0-2: Fly out, F8 (Flyball, 8LM, EV 76.9 MPH)
Bottom of the 7th over - 4 runs, 2 hits, 1 error, 2 left on base; San Fernando 4 - Long Beach 5
TOP OF THE 8TH
San Fernando Bears batting - Pitching for Long Beach Surfers : RHP Konanae Walakino
Pitching: RHP Harold Nothard
Now in LF: Cinema Jones
Batting: RHB Michael Schultz 0-0: Foul Ball, location: 2F
0-1: Fly out, F4 (Popup, 4M, EV 54.4 MPH)
Batting: LHB Don Moore 0-0: Ball
1-0: Swinging Strike
1-1: Ball
2-1: Fly out, F8 (Flyball, 8LM, EV 93.8 MPH)
Batting: RHB Dick Walton 0-0: Foul Ball, location: 2F
0-1: Called Strike
0-2: Strikes out swinging
Top of the 8th over - 0 runs, 0 hits, 0 errors, 0 left on base; San Fernando 4 - Long Beach 5
BOTTOM OF THE 8TH
Long Beach Surfers batting - Pitching for San Fernando Bears : LHP Perry Wallace
Batting: RHB Emílio Reyes 0-0: Called Strike
0-1: Swinging Strike
0-2: Strikes out swinging
Batting: RHB Alejandro Córdova 0-0: Ground out 4-3 (Groundball, 4, EV 111.3 MPH)
Batting: SHB Bill Morley 0-0: Swinging Strike
0-1: Ball
1-1: Called Strike
1-2: Ball
2-2: Foul Ball, location: 9LDF
2-2: Strikes out swinging
Bottom of the 8th over - 0 runs, 0 hits, 0 errors, 0 left on base; San Fernando 4 - Long Beach 5
TOP OF THE 9TH
San Fernando Bears batting - Pitching for Long Beach Surfers : RHP Harold Nothard
Pitching: RHP Owen McKelvey
Batting: LHB Clinton Tyler 0-0: Ball
1-0: Ball
2-0: Called Strike
2-1: Foul Ball, location: 5F
2-2: Ball
3-2: Strikes out swinging, 2-3 out at first.
Batting: RHB José Pérez 0-0: Swinging Strike
0-1: Ball
1-1: Called Strike
1-2: Ball
2-2: Foul Ball, location: 5DF
2-2: Ball
3-2: Base on Balls
Batting: RHB Manny Peña 0-0: Called Strike
0-1: Called Strike
0-2: Strikes out swinging
Batting: SHB Sammy McNeill 0-0: Foul Ball, location: 9LDF
0-1: SINGLE (Line Drive, 4M, EV 96.9 MPH)
José Pérez to second
Runner from 2nd tries for 3rd, SAFE, no throw by CF
Batting: RHB Jeffrey Smith 0-0: Fielders Choice at 2nd, 5-4 (Groundball, 56, EV 83.1 MPH)
Top of the 9th over - 0 runs, 1 hit, 0 errors, 2 left on base; San Fernando 4 - Long Beach 5
Wednesday, March 20th , 2024 - OOTP Baseball 24.9 Build 78